 Dungeon Crawl Stone Soup version 0.21-a0-531-gacddea6 (webtiles) character file.

3 Amnesiac the Vexing (level 1, -1/11 HPs)
             Began as a Deep Elf Arcane Marksman on Dec 12, 2017.
             Slain by a leopard gecko (2 damage)
             ... on level 1 of the Dungeon.
             The game lasted 00:00:25 (191 turns).

Amnesiac the Vexing (Deep Elf Arcane Marksman)       Turns: 191, Time: 00:00:26

Health: -1/11      AC:  2    Str:  7    XL:     1   Next: 41%
Magic:  3/5        EV: 13    Int: 17    God:
Gold:   26         SH:  0    Dex: 15    Spells: 2/3 levels left

rFire    . . .     SeeInvis .   b - +0 whip
rCold    . . .     Gourm    .   (no shield)
rNeg     . . .     Faith    .   e - +0 robe
rPois    .         Spirit   .   (no helmet)
rElec    .         Reflect  .   (no cloak)
rCorr    .         Harm     .   (no gloves)
MR       .....                  (no boots)
Stlth    +.........             (no amulet)
HPRegen  0.03/turn              (no ring)
MPRegen  0.09/turn              (no ring)

@: no status effects
A: no striking features
a: no special abilities


You were on level 1 of the Dungeon.
You were not hungry.

You visited 1 branch of the dungeon, and saw 1 of its levels.

You collected 26 gold pieces.

Inventory:

Hand Weapons
 a - a +0 shortbow
 b - a +0 whip (weapon)
Missiles
 d - 19 arrows
Armour
 e - a +0 robe (worn)
Books
 c - a book of Debilitation

   Spells                             Type                      Level
   a - Corona                         Hexes                        1
   b - Slow                           Hexes                        2
   c - Inner Flame                    Hexes/Fire                   3
   d - Portal Projectile              Hexes/Translocation          3
   e - Cause Fear                     Hexes                        4
   f - Leda's Liquefaction            Hexes/Earth                  4
Comestibles
 f - a bread ration
 g - a chunk of flesh


   Skills:
 - Level 0.7 Fighting
 + Level 2.5 Bows
 - Level 2.4 Dodging
 - Level 1.5 Spellcasting
 - Level 4.0 Hexes


You had 2 spell levels left.
You knew the following spells:

 Your Spells              Type           Power        Failure   Level  Hunger
a - Corona                Hex            ##.....      3%          1    ##.....


Dungeon Overview and Level Annotations

Branches:
Dungeon (1/15)

Altars:


Message History

There is an open door here.
Things that are here:
a club; a hobgoblin corpse A giant cockroach comes into view.
A giant cockroach is nearby!
A giant cockroach is nearby!
You see here 16 gold pieces.
Casting: Corona
Confirm with . or Enter, or press ? or * to list all spells.
Aiming: Corona
Press: ? - help, Shift-Dir - straight line, f - giant cockroach
Aim: a giant cockroach (clinging, chance to defeat MR: 68%)
The giant cockroach is outlined in light.
The giant cockroach bites you but does no damage.
You hit the giant cockroach.
You kill the giant cockroach!
You now have 26 gold pieces (gained 16).
A rat comes into view.
A rat is nearby!
A rat is nearby!
Casting: Corona
Confirm with . or Enter, or press ? or * to list all spells.
Aiming: Corona
Press: ? - help, Shift-Dir - straight line, f - rat
Aim: a rat (chance to defeat MR: 68%)
The rat is outlined in light.
You hit the rat.
You kill the rat!
You see here a rat corpse.
You butcher the rat corpse.
g - a chunk of flesh You see here a rat skeleton.
Found 20 stones.
A leopard gecko comes into view.
Casting: Corona
Confirm with . or Enter, or press ? or * to list all spells.
Aiming: Corona
Press: ? - help, Shift-Dir - straight line, f - leopard gecko
Aim: a leopard gecko (chance to defeat MR: 68%)
The leopard gecko is outlined in light.
A jackal comes into view.
You hit the leopard gecko.
The leopard gecko is moderately wounded.
The leopard gecko bites you.
You barely miss the leopard gecko.
The leopard gecko is moderately wounded.
The leopard gecko bites you.
The leopard gecko completely misses you.
You hit the leopard gecko.
The leopard gecko is almost dead.
The leopard gecko stops glowing.
The leopard gecko bites you but does no damage.
You closely miss the leopard gecko.
The leopard gecko is almost dead.
The leopard gecko closely misses you.
Casting: Corona
Confirm with . or Enter, or press ? or * to list all spells.
Aiming: Corona
Press: ? - help, Shift-Dir - straight line, f/p - leopard gecko
Aim: a leopard gecko (almost dead, clinging, chance to defeat MR: 68%)
The leopard gecko is outlined in light.
The leopard gecko bites you.
* * * LOW HITPOINT WARNING * * *
The leopard gecko bites you.
You die...

###...### #...# #.#
#...# #.# # #########
#.# ## #......# #.#
.#########..####.#
...............#.#
.########รท.###.#.####
## #..# #..@...# #
#..# #.#l##.# #
.......#(# #
##.######.. #.# ###.
#.. .. ### .# h#


You could see a leopard gecko.

Vanquished Creatures
  A giant cockroach (D:1)
  A hobgoblin (D:1)
  A rat (D:1)
3 creatures vanquished.

Notes
Turn   | Place    | Note
-------+----------+-------------------------------------------
     0 | D:1      | Amnesiac the Deep Elf Arcane Marksman began the quest for the Orb.
     0 | D:1      | Reached XP level 1. HP: 11/11 MP: 5/5
   191 | D:1      | Slain by a leopard gecko

Vault maps used:
D:1:      minmay_arrival_cross

Action                   || total
-------------------------++-------
Melee: Whip              ||     6
 Fire: Shortbow          ||     2
 Cast: Corona            ||     6
Armor: Robe              ||     3
Dodge: Dodged            ||     2

Table legend:
 A = Spawn XP
 B = Non-spawn XP
 C = Spawn XP percentage of total XP
 D = Spawn monster count
 E = Non-spawn monster count
 F = Spawn count percentage of total count
 G = Total turns spent on level
                    A         B        C        D         E        F      G
               +---------+---------+-------+---------+---------+-------+---------
         Total |       0 |       5 |   0.0 |       0 |       3 |   0.0 |   191
               +---------+---------+-------+---------+---------+-------+---------
           D:1 |       0 |       5 |   0.0 |       0 |       3 |   0.0 |   191
               +---------+---------+-------+---------+---------+-------+---------
